 Dungeon Crawl Stone Soup version 0.20.0-15-g7f486f2 (webtiles) character file.

298 stipmonster the Skirmisher (level 6, -3/53 HPs)
             Began as a Draconian Berserker on June 16, 2017.
             Was a Priest of Trog.
             Slain by Grinder (4 damage)
             ... on level 4 of the Dungeon.
             The game lasted 00:10:33 (3048 turns).

stipmonster the Skirmisher (Draconian Berserker)    Turns: 3048, Time: 00:10:34

Health: -3/53      AC:  6    Str: 22    XL:     6   Next: 13%
Magic:  6/6        EV: 13    Int:  7    God:    Trog [***...]
Gold:   205        SH:  0    Dex: 10    Spells: 5/5 levels left

rFire    . . .     SeeInvis .   s - +0 war axe
rCold    . . .     Gourm    .   (no shield)
rNeg     . . .     Faith    +   (armour unavailable)
rPois    +         Spirit   .   (helmet restricted)
rElec    .         Reflect  .   (no cloak)
rCorr    .         Harm     .   (no gloves)
MR       .....                  (no boots)
Stlth    +++.......             l - amulet of faith
Regen    0.2/turn               j - ring of poison resistance
MPRegen  0.1/turn               n - ring of stealth

@: berserk cooldown, slowed, very slow
A: unfitting armour, cold-blooded, AC +6
a: Berserk, Trog's Hand, Burn Spellbooks, Renounce Religion


You were on level 4 of the Dungeon.
You worshipped Trog.
Trog was most pleased with you.
You were not hungry.

You visited 1 branch of the dungeon, and saw 4 of its levels.

You collected 205 gold pieces.

Inventory:

Hand Weapons
 a - a +0 spear
 s - a +0 war axe (weapon)
 w - a +0 flail
Armour
 v - a +0 chain mail
Jewellery
 j - a ring of poison resistance (left hand)
 l - an amulet of faith (around neck)
 n - a ring of stealth (right hand)
 u - an uncursed ring of resist corrosion {unknown}
Scrolls
 d - 5 scrolls of remove curse {unknown}
 f - 2 scrolls of fog {unknown}
 i - 4 scrolls of identify {unknown}
 m - 2 scrolls of enchant weapon {unknown}
 q - a scroll of random uselessness {unknown}
 r - a scroll of blinking {unknown}
 x - a scroll of teleportation {unknown}
Potions
 c - a potion of curing
 e - a potion of brilliance
 t - a potion of lignification {unknown}
 z - a potion of invisibility
Comestibles
 b - 3 bread rations
 k - 2 meat rations
 p - a royal jelly


   Skills:
 + Level 4.5 Fighting
 + Level 3.2(4.1) Axes
 + Level 4.0(4.6) Polearms
 + Level 3.6 Dodging
 + Level 1.4 Stealth


You had 5 spell levels left.
You didn't know any spells.

Dungeon Overview and Level Annotations

Branches:
Dungeon (4/15)
 Temple: D:4-7

Altars:
Hepliaklqana
Makhleb
Ru
Xom
Yredelemnul
The Shining One

Annotations:
D:4 Grinder


Innate Abilities, Weirdness & Mutations

Your plain brown scales are hard. (AC +6)
You cannot fit into any form of body armour.
You are cold-blooded and may be slowed by cold attacks.


Message History

Unknown command.
You feel a strong urge to attack something.
Grinder blinks!
You feel your anger subside.
You are no longer berserk.
You are exhausted.
You feel yourself slow down. The worker ant completely misses you.
The worker ant bites you but does no damage.
The worker ant barely misses you.
You hit the orc.
Your tail-slap misses the orc.
The orc is heavily wounded.
You closely miss Grinder. You closely miss the worker ant.
The worker ant closely misses you. The orc hits you with a falchion.
* * * LOW HITPOINT WARNING * * *
Grinder hits you but does no damage. The worker ant closely misses you.
The orc hits you with a dagger.
* * * LOW HITPOINT WARNING * * *
The orc barely misses you. The orc misses you. Grinder hits you.
You die...

.....###...##.#.####
.#..####.#.##......
.#..##...#......#####
#.....#####.........
)#.###...#........###
.........#........#
>#.#####..........###.#
... ####.#.#a5o....#.
## #.#..o@.......
#.####o####### #.# #.#
#.# #.# #.# #.# ... #.#
... ..# #..


You could see Grinder, a worker ant and 3 orcs.

Vanquished Creatures
  The ghost of ThereIsNoGod the Chiller, an amateur OpIE (D:3)
  A crimson imp (D:3)
  An orc priest (D:3)
  3 adders (D:3)
  2 oozes
  3 worms
  2 dart slugs
  A leopard gecko (D:3)
  9 orcs
  5 giant cockroaches
  6 goblins
  6 hobgoblins
  4 jackals (D:1)
  3 quokkas
  5 bats
  4 frilled lizards
  5 kobolds
  7 rats
68 creatures vanquished.

Notes
Turn   | Place    | Note
-------+----------+-------------------------------------------
     0 | D:1      | stipmonster the Draconian Berserker began the quest for the Orb.
     0 | D:1      | Reached XP level 1. HP: 19/19 MP: 1/1
   482 | D:1      | Reached XP level 2. HP: 21/26 MP: 2/2
   820 | D:2      | Found a hazy altar of Hepliaklqana.
   943 | D:2      | Reached ** piety under Trog
   979 | D:2      | Reached XP level 3. HP: 30/33 MP: 3/3
   989 | D:2      | Found a glowing golden altar of the Shining One.
  1441 | D:2      | Found a burning altar of Makhleb.
  1952 | D:3      | Reached XP level 4. HP: 36/40 MP: 4/4
  2101 | D:3      | Noticed ThereIsNoGod's ghost (amateur OpIE)
  2111 | D:3      | Killed ThereIsNoGod's ghost
  2111 | D:3      | Reached skill level 1 in Stealth
  2111 | D:3      | Reached XP level 5. HP: 26/47 MP: 5/5
  2434 | D:3      | Reached *** piety under Trog
  2445 | D:3      | Reached XP level 6. HP: 26/53 MP: 6/6
  2748 | D:3      | Found a sacrificial altar of Ru.
  2809 | D:4      | Found a basalt altar of Yredelemnul.
  2849 | D:4      | Found a shimmering altar of Xom.
  3015 | D:4      | Noticed Grinder
  3032 | D:4      | Paralysed by Grinder for 4 turns
  3048 | D:4      | HP: 1/53 [orc/dagger (4)]
  3048 | D:4      | Slain by Grinder

Skill      XL: |  1  2  3  4  5 |
---------------+----------------+-----
Fighting       | 4 |  4.5
Dodging        | 3 |  3.6
Axes           | 2 3 |  3.2
Polearms       | 4 |  4.0
Stealth        | 1 |  1.4

Action                   |  1- 3 |  4- 6 || total
-------------------------+-------+-------++-------
Melee: Spear             |   131 |       ||   131
       Tailslap          |    12 |     9 ||    21
       War axe           |    11 |    93 ||   104
  Use: Potion            |       |     6 ||     6
 Stab: Sleeping          |       |     2 ||     2
  Eat: Chunk             |     3 |     4 ||     7
Armor: Skin              |    49 |    33 ||    82
Dodge: Dodged            |   142 |    88 ||   230
